 Dungeon Crawl Stone Soup version 0.17-a0-1596-g1e86911 (console) character file.

152 FIQ the Skirmisher (level 5, -4/42 HPs)
             Began as a Mummy Chaos Knight on July 30, 2015.
             Slain by an ice beast (5 damage)
             ... on level 1 of the Dungeon.
             The game lasted 00:12:59 (9736 turns).

FIQ the Skirmisher (Mummy Chaos Knight)             Turns: 9736, Time: 00:12:59

Health: -4/42      AC:  5    Str: 16    XL:     5   Next: 11%
Magic:  5/5        EV: 12    Int: 11    God:    Xom [......]
Gold:   90         SH:  0    Dex: 12    Spells: 0 memorised, 4 levels left

rFire  x . .     SeeInvis .     c - +0 dire flail
rCold  + . .     Clarity  .     b - +2 leather armour
rNeg   + + +     SustAt   .     (no shield)
rPois  ∞         Gourm    .     (no helmet)
rElec  .         Spirit   .     (no cloak)
rCorr  .         Warding  .     (no gloves)
rMut   .         Stasis   .     (no boots)
MR     .....                    (no amulet)
Stlth  +.........               (no ring)
                                (no ring)

@: not resistant to hostile enchantments, very unstealthy
A: no food or potions, fire vulnerability, cold resistance 1, negative energy
resistance 3, torment resistance, unbreathing
a: Renounce Religion


You were on level 1 of the Dungeon.
You worshipped Xom.
You were a very special plaything of Xom.
You were not hungry.

You visited 1 branch of the dungeon, and saw 2 of its levels.

You collected 90 gold pieces.

Inventory:

Hand weapons
 a - a +0 mace of draining
 c - a +0 dire flail (weapon)
Armour
 b - a +2 leather armour (worn)
Scrolls
 f - a scroll of amnesia
Miscellaneous
 g - a fan of gales
 h - a phantom mirror


   Skills:
 + Level 3.8 Fighting
 + Level 3.0 Maces & Flails
 + Level 2.5 Armour
 + Level 1.9 Dodging
 + Level 1.0 Evocations


You had 4 spell levels left.
You didn't know any spells.

Dungeon Overview and Level Annotations

Branches:
Dungeon (2/15)

Altars:


Innate Abilities, Weirdness & Mutations

You do not eat or drink.
Your flesh is vulnerable to fire.
You are immune to poison.
Your flesh is cold resistant.
You are immune to negative energy.
You are immune to unholy pain and torment.
You can survive without breathing.


Message History

The ice beast is heavily wounded.
The ice beast hits you.
* * * LOW HITPOINT WARNING * * *
The ice beast freezes you. You resist.
* * * LOW HITPOINT WARNING * * *
You puncture the ice beast!
The ice beast is almost dead.
The ice beast closely misses you.
You barely miss the ice beast.
The ice beast is almost dead.
The ice beast hits you but does no damage.
You hit the ice beast but do no damage.
The ice beast is almost dead.
The ice beast misses you.
You closely miss the ice beast.
The ice beast is almost dead.
The ice beast hits you.
* * * LOW HITPOINT WARNING * * *
The ice beast freezes you. You resist.
You die...

####################
######################
########################
##########################
##########################
....###########################
..........#######........##...#
..........#..............##...###
.........>...†...................
........(.(..........###.........
....)......(....@Y...............
........#...(.####...............
........#)....#.................#
.#............#......#..........#
##...........(#......#..........#
##............'.................'
.#.....##.....#......#..........#
.......''.....#.................#
..#....##....##..................
..#..............................
..#..............#...............


You could see an ice beast.

Vanquished Creatures
  A sky beast (D:1)
  A worker ant (D:1)
  A gnoll (D:1)
  4 giant cockroaches (D:1)
  4 goblins (D:1)
  3 hobgoblins (D:1)
  2 jackals (D:1)
  A ball python (D:1)
  4 bats (D:1)
  4 giant newts (D:1)
  5 kobolds (D:1)
  5 rats (D:1)
35 creatures vanquished.

Notes
Turn   | Place    | Note
--------------------------------------------------------------
     0 | D:1      | FIQ the Mummy Chaos Knight began the quest for the Orb.
     0 | D:1      | Reached XP level 1. HP: 18/18 MP: 1/1
   339 | D:1      | XOM: harmless Summ miscast
  1160 | D:1      | XOM: silly message
  1180 | D:1      | XOM: harmless Tloc miscast
  1228 | D:1      | XOM is BORED!
  1228 | D:1      | XOM: noise
  1236 | D:1      | Reached skill level 1 in Dodging
  1264 | D:1      | Reached XP level 2. HP: 21/24 MP: 2/2
  1481 | D:1      | Reached XP level 3. HP: 18/29 MP: 3/3
  1569 | D:1      | XOM: mild Chrm miscast
  2395 | D:1      | XOM: harmless Hex miscast
  2506 | D:1      | XOM: god gift: fan of gales
  2666 | D:1      | XOM: god gift: phantom mirror
  3170 | D:1      | XOM: god gift: scroll labeled DAOMUSS NAAK
  3395 | D:1      | XOM: vitrification
  3551 | D:1      | XOM is BORED!
  3551 | D:1      | XOM: severe Conj miscast
  3792 | D:1      | XOM: god gift: dire flail {god gift}
  3995 | D:1      | XOM: 1-stop teleportation journey
  4478 | D:1      | XOM: vitrification
  4854 | D:1      | XOM: vitrification
  5196 | D:1      | XOM: scenery: 1 doors close
  5842 | D:1      | XOM: harmless Erth miscast
  6044 | D:1      | XOM: silly message
  6422 | D:1      | XOM: noise
  7028 | D:1      | XOM: silly message
  7608 | D:1      | XOM: harmless Erth miscast
  7657 | D:1      | XOM: summons 5 hostile shadow creatures
  7658 | D:1      | Noticed a mottled dragon
  8150 | D:1      | Noticed a sky beast
  8163 | D:1      | Killed a sky beast
  8163 | D:1      | Reached skill level 1 in Evocations
  8163 | D:1      | Reached XP level 4. HP: 6/37 MP: 4/4
  8277 | D:1      | XOM: summons 1 hostile demon
  8424 | D:1      | XOM: silly message
  9236 | D:1      | XOM: harmless Hex miscast
  9448 | D:1      | XOM: colour smoke trail
  9583 | D:1      | Reached XP level 5. HP: 30/42 MP: 5/5
  9704 | D:1      | Noticed an ice beast
  9736 | D:1      | HP: 1/42 [ice beast (5)]
  9736 | D:1      | Slain by an ice beast

Vault maps used:
D:1:      erik_arrival_blinker_ship, minmay_misc_feat_five,
          kennysheep_nondescript
D:2:      zin_academy, serial_glass, glass_columns_c, glass_columns_b,
          item_on_display_a, item_on_display_a

Action                   |  1- 3 |  4- 6 || total
-------------------------+-------+-------++-------
Melee: Mace              |    72 |       ||    72
       Dire flail        |    26 |    42 ||    68
  Use: Scroll            |     4 |       ||     4
 Stab: Petrifying        |     1 |       ||     1
